 Dungeon Crawl Stone Soup version 0.30.1-11-g7821555f0a (webtiles) character file.

Game seed: 2913998509913120595

79 Cheops the Conjurer (level 4, 0/24 HPs)
             Began as a Deep Elf Conjurer on Dec 21, 2023.
             Killed from afar by Natasha (3 damage)
             ... with a magic dart
             ... on level 2 of the Dungeon.
             The game lasted 00:01:43 (1388 turns).

Cheops the Conjurer (Deep Elf Conjurer)             Turns: 1388, Time: 00:01:44

Health: 0/24       AC:  2    Str:  4    XL:     4   Next: 17%
Magic:  8/13       EV: 12    Int: 25    God:
Gold:   73         SH:  0    Dex: 13    Spells: 10/13 levels left

rFire   . . .        a - +0 dagger
rCold   . . .        (no shield)
rNeg    . . .        k - +0 robe
rPois   .            (no helmet)
rElec   .            (no cloak)
rCorr   .            (no gloves)
SInv    .            (no boots)
Will    .....        (no amulet)
Stlth   ++           (no ring)
HPRegen 0.24/turn    (no ring)
MPRegen 0.13/turn

%: no passive effects
@: no status effects
A: no striking features
a: no special abilities


You were on level 2 of the Dungeon.
You visited 1 branch of the dungeon, and saw 2 of its levels.

You collected 73 gold pieces.

Inventory:

Hand Weapons
 a - a +0 dagger (weapon)
 b - a +2 antimagic mace
Armour
 k - a +0 robe (worn)
Scrolls
 c - a scroll of blinking {unknown}
 f - a scroll of teleportation {unknown}
 g - a scroll of poison {unknown}
 h - a scroll of identify {unknown}
Potions
 d - a potion of curing {unknown}
 e - a potion of heal wounds {unknown}
 i - a potion of magic
 j - 2 potions of brilliance {unknown}


   Skills:
 - Level 2.4 Dodging
 - Level 2.4 Stealth
 - Level 5.0 Spellcasting
 + Level 5.3 Conjurations


You had 10 spell levels left.
You knew the following spells:

 Your Spells              Type           Power      Damage    Failure   Level
a - Magic Dart            Conj           100%       1d8       1%          1
b - Searing Ray           Conj           64%        2d6       1%          2

Your spell library contained the following spells:

 Spells                   Type           Power      Damage    Failure   Level
 Dazzling Flash           Conj/Hex       38%        N/A       9%          3
 Fulminant Prism          Conj/Hex       9%         3d7       26%         4
 Iskenderun's Mystic Bla  Conj/Tloc      19%        2d6       26%         4


Dungeon Overview and Level Annotations

Branches:
Dungeon (2/15)

Altars:
Cheibriados

Annotations:
D:2 Natasha


Message History

Natasha is almost dead.
Casting: Magic Dart (safe; 1% risk of failure)
Confirm with . or Enter, or press ? or * to list all spells.
Aiming: Magic Dart (safe; 1% risk of failure)
Press: ? - help, Shift-Dir - straight line, f/p - Natasha
Aim: Natasha (almost dead, 100% to hit)
The magic dart hits Natasha.
Natasha is almost dead.
Casting: Magic Dart (safe; 1% risk of failure)
Confirm with . or Enter, or press ? or * to list all spells.
Aiming: Magic Dart (safe; 1% risk of failure)
Press: ? - help, Shift-Dir - straight line, f/p - Natasha
Aim: Natasha (almost dead, 100% to hit)
The magic dart hits Natasha.
You kill Natasha!
Natasha screams in fury as she dies!
Your Conjurations skill increases to level 5!
You have reached level 4!
You feel clever.
(D) Dungeon
Where to? (Enter - D:2, ? - help) Natasha, Servant of Life and Death comes into view.
Natasha drinks a potion.
Natasha suddenly seems more resistant.
You feel yourself speed up. Natasha casts a spell at you.
You resist with some effort.
Natasha wildly gestures.
You feel troubled.
Natasha howls an incantation.
Natasha shimmers violently.
Natasha attacks as you move away! Natasha claws you.
* * * LOW HITPOINT WARNING * * *
Natasha casts a spell at you. The magic dart hits you.
* * * LOW HITPOINT WARNING * * *
Natasha attacks as you move away! Natasha claws you!
* * * LOW HITPOINT WARNING * * *
Natasha stares at you and mumbles some strange words.
The magic dart hits you.
You die...

.. #.> .. ####..### ..###.
#.........# #...#.
#.........# #.#.#.##
#.........# #...#..#
#.........# . #####..##.#
#.........##..
#.........###.............
#......#.@.h#.........##.#
#...<..##.#...............
#......#..†........###...#
#.................####....
#..........##.........$...
#........#.##..........###
###.....####...#.......#
#...... .........._....#
..#.........##.......#.#


You could see Natasha (resistant).

Vanquished Creatures
  Natasha (twice) (D:2)
  3 dart slugs (D:1)
  3 endoplasms (D:1)
  A hobgoblin (D:1)
  3 quokkas (D:1)
  3 ball pythons
  2 bats (D:1)
  5 frilled lizards
  A kobold (D:1)
  4 rats
27 creatures vanquished.

Notes
Turn   | Place    | Note
-------+----------+-------------------------------------------
     0 | D:1      | Cheops the Deep Elf Conjurer began the quest for the Orb.
     0 | D:1      | Reached XP level 1. HP: 10/10 MP: 6/6
   204 | D:1      | Reached XP level 2. HP: 15/15 MP: 6/9
  1173 | D:1      | Learned a level 2 spell: Searing Ray
  1297 | D:2      | Reached XP level 3. HP: 19/19 MP: 9/11
  1317 | D:2      | Found a snail-covered altar of Cheibriados.
  1334 | D:2      | Noticed Natasha
  1338 | D:2      | Killed Natasha
  1339 | D:2      | Reached skill level 5 in Spellcasting
  1370 | D:2      | Noticed Natasha
  1376 | D:2      | Killed Natasha
  1377 | D:2      | Reached skill level 5 in Conjurations
  1377 | D:2      | Reached XP level 4. HP: 16/24 MP: 5/13
  1381 | D:2      | Noticed Natasha
  1388 | D:2      | Killed from afar by Natasha

Illustrated notes

Levels and vault maps discovered:
D:1:      wheals_arrival_linesprint, layout_basic, hangedman_glass_teeth,
          st_stairs_1, patterned_corridor
D:2:      layout_rooms, basic_altar, uniq_robin, uniq_natasha, uniq_terence

Skill      XL: |  1  2  3 |
---------------+----------+-----
Spellcasting   | 4 5 |  5.0
Conjurations   | 5 |  5.3
Dodging        | |  2.4
Stealth        | |  2.4

Action                     |  1- 3 |  4- 6 || total
---------------------------+-------+-------++-------
   Cast: Magic Dart        |    63 |       ||    63
  Dodge: Dodged            |     1 |       ||     1
